 Dungeon Crawl Stone Soup version 0.27-a0-346-ga689d4a613 (webtiles) character file.

Game seed: 5263297420334008697

246888 KCGemini the Acrobat (level 19, 94/94 HPs)
             Began as a Felid Berserker on Feb 15, 2021.
             Was a High Priest of Trog.
             Quit the game on level 2 of the Depths.
             The game lasted 01:39:15 (54447 turns).

KCGemini the Acrobat (Felid Berserker)             Turns: 54447, Time: 01:39:15

Health: 94/94      AC:  3    Str: 13    XL:     19   Next: 21%
Magic:  20/20      EV: 49    Int:  6    God:    Trog [*****.]
Gold:   1058       SH:  5    Dex: 25    Spells: 18/18 levels left
                                        Lives:  1   Deaths: 1

rFire    + . .     SeeInvis +     - Unarmed
rCold    + + .     Faith    .   (shield unavailable)
rNeg     + . .     Spirit   .   (armour unavailable)
rPois    +         Reflect  +   (helmet unavailable)
rElec    +         Harm     .   (cloak unavailable)
rCorr    .         Rampage  .   (gloves unavailable)
Will     +++..                  (boots unavailable)
Stlth    +++++++++.             c - amulet of Woured {Reflect rElec rPois Int-4 SH+5 SInv Stlth+}
HPRegen  0.25/turn              R - ring of Lesyl {rF+ rC+ rN+}
MPRegen  0.17/turn              Q - +4 ring of slaying

@: quick
A: very small, no armour, no weapons or thrown items, stealth, claws 1, fangs 3,
see invisible, agile 1, speed 1, strong-willed 1, shaggy fur 3, sharp paws
}: 1/15 runes: serpentine
a: Renounce Religion, Berserk, Trog's Hand, Brothers in Arms


You were on level 2 of the Depths.
You worshipped Trog.
Trog was extremely pleased with you.
You visited 6 branches of the dungeon, and saw 34 of its levels.
You also visited: Bailey and Volcano.

You collected 3824 gold pieces.
You spent 2766 gold pieces at shops.

Inventory:

Jewellery
 c - the amulet of Woured (around neck) {Reflect rElec rPois Int-4 SH+5 SInv Stlth+}
   (You found it on level 11 of the Dungeon)

   [amulet of reflection]

   It shields you and reflects attacks.
   It affects your intelligence (-4).
   It insulates you from electricity.
   It protects you from poison.
   It lets you see invisible.
   It affects your SH (+5).
   It makes you more stealthy.
 i - a ring of flight
 p - a +6 ring of strength
 H - the ring of Enymaeba {rN+++ Int-2 Dex+6 Slay+2}
   (You acquired it on level 2 of the Orcish Mines)

   [ring of dexterity]

   It affects your intelligence (-2).
   It affects your dexterity (+6).
   It affects your accuracy and damage with ranged weapons and melee attacks
   (+2).
   It renders you almost immune to negative energy.
 O - a +4 ring of protection
 Q - a +4 ring of slaying (right paw)
 R - the ring of Lesyl (left paw) {rF+ rC+ rN+}
   (You found it on level 6 of the Lair of Beasts)

   [ring of protection from cold]

   It protects you from fire.
   It protects you from cold.
   It protects you from negative energy.
 T - the ring of the Median {rPois rC++ Str+3}
   (You acquired it on level 1 of the Snake Pit)

   [ring of poison resistance]

   It affects your strength (+3).
   It greatly protects you from cold.
   It protects you from poison.
 U - a ring of resist corrosion
Wands
 h - a wand of mindburst (22) (quivered)
 l - a wand of polymorph (19)
 o - a wand of paralysis (1)
 s - a wand of digging (15)
 B - a wand of flame (76)
 L - a wand of iceblast (14)
 N - a wand of acid (8)
 S - a wand of random effects (23)
Scrolls
 a - 20 scrolls of identify
 b - 20 scrolls of teleportation
 j - 7 scrolls of fog
 m - a scroll of immolation
 q - 3 scrolls of blinking
 x - a scroll of torment
 y - a scroll of brand weapon {unknown}
 E - a scroll of summoning
 F - a scroll of vulnerability
 G - 3 scrolls of fear
 I - 4 scrolls of magic mapping
 P - a scroll of holy word
Potions
 d - 3 potions of cancellation
 e - 5 potions of attraction
 f - 3 potions of berserk rage
 k - 11 potions of heal wounds
 n - 9 potions of haste
 r - 3 potions of magic
 t - 5 potions of might
 u - 4 potions of ambrosia
 v - 6 potions of resistance
 w - 7 potions of flight
 z - 11 potions of curing
 A - 3 potions of lignification
 D - 5 potions of mutation
Miscellaneous
 g - a condenser vane
 C - a box of beasts (inert)
 J - a phial of floods
 K - a tin of tremorstones (1/2)
 M - a phantom mirror


   Skills:
 * Level 16.1 Fighting
 + Level 21.5 Dodging
 + Level 18.9 Stealth
 + Level 18.0 Unarmed Combat
 - Level 20.0 Evocations


You had 18 spell levels left.
You didn't know any spells.
Your spell library was empty.

Dungeon Overview and Level Annotations

Branches:
Dungeon (15/15)            Temple (0/1) D:5            Lair (6/6) D:9
 Shoals (0/4) Lair:4        Snake (4/4) Lair:2        Slime (0/5) Lair:6
    Orc (2/2) D:9             Elf (0/3) Orc:2        Vaults (4/5) D:13
  Crypt (0/3) Vaults:3     Depths (3/5) D:15         Bailey (visited)
Volcano (visited)

Altars:
Fedhas
Kikubaaqudgha
Makhleb
Nemelex Xobeh
Okawaru
Sif Muna
Uskayaw
Wu Jian
Xom
Yredelemnul
Jiyva

Shops:
D:5 [(*   D:7 [   D:8 [   Orc:2 !*?:[   Snake:2 *[   Snake:3 !   Snake:4 :==
Vaults:1 *[   Vaults:4 =   Depths:2 [

Portals:
Hell: Depths:1
Abyss: D:4
Ziggurat: Depths:2

Annotations:
D:4 2 transporters, Dordric's ghost, amateur HOFi
D:8 exclusion: oklob plant
D:11 2 runed translucent doors
D:12 3 runed translucent doors, jestyr24's ghost, journeyman MiBe
Lair:1 2 transporters, exclusion: oklob plant, Huef's ghost, journeyman KoEn
Lair:5 exclusion: 3 oklob plants
Lair:6 3 runed translucent doors, garrulousMonolith's ghost, journeyman GnFi
Snake:3 1 runed translucent door, 1 exclusion, Caonejir's ghost, adept TrHu; Mara
Vaults:2 exclusion: obsidian statue


Innate Abilities, Weirdness & Mutations

You cannot wear armour.
You are incapable of wielding weapons or throwing items.
Your paws allow you to move quietly. (Stealth)
You have sharp claws.
You have razor-sharp teeth.
You have supernaturally acute eyesight. (SInv)
You cover ground quickly.
Your thick and shaggy fur keeps you warm. (AC +3, rC+)
Your sharp claws are effective at attacking unaware monsters.
You are agile. (Dex +2)
You are strong-willed. (Will+)


Message History

The bolt of acid misses the revenant.
You are engulfed in spectral mist.
The spectral spark wasp completely misses you.
You block the spectral spark wasp's attack.
The revenant conjures spectral mists around you.
The spectral mist engulfs the spectral spark wasp but does no damage.
A flayed ghost comes into view.
Aim: a revenant (almost destroyed, 28% to evade)
The bolt of acid hits the spectral spark wasp!
The spectral spark wasp is splashed with acid!
The bolt of acid misses the revenant.
The bolt of acid hits the vampire knight!!
The vampire knight is splashed with acid!
You are engulfed in spectral mist.
The spectral spark wasp fades away! x2
The revenant completely misses you.
Aim: a revenant (spectral mist, almost destroyed, 28% to evade)
The bolt of acid hits the revenant!!!
The revenant is splashed with acid.
The acid corrodes the revenant!
You destroy the revenant!
Trog accepts your kill.
Trog appreciates your killing of a magic user.
The spectral golden dragon fades away!
The bolt of acid hits the storm dragon skeleton!!
The storm dragon skeleton is splashed with acid.
You are engulfed in spectral mist.
* * * LOW HITPOINT WARNING * * *
You hear two shouts!
The caustic shrike zombie barely misses you.
The caustic shrike zombie completely misses you.
You are engulfed in spectral mist.
* * * LOW HITPOINT WARNING * * *
The caustic shrike zombie completely misses you.
You block the caustic shrike zombie's attack.
As you read the scroll of teleportation, it crumbles to dust.
You feel strangely unstable. The caustic shrike zombie claws you!!
You die...
The caustic shrike zombie misses you.
An ettin comes into view. It is wielding two +0 dire flails.
You are now level 19!
You rejoin the land of the living...
Found a wand of iceblast

(9). #..C.......
#########Z#○.......
..(#...VZW#....##'####
...##.†######### ....
.♣..'.## #... ...
....### #...# .. ♣∩♣.#
#...#'# #..## #.....#
#♣## #...@.+ +.......#
#..../### ##.... #####


There were no monsters in sight!

Vanquished Creatures
  Bai Suzhen (Snake:4)
  A lich (Depths:1)
  A sphinx (Vaults:4)
  Frances (D:12)
  A tengu reaver (Vaults:4)
  A revenant (Depths:2)
  7 nagarajas
  A fire giant (Vaults:3)
  5 vault wardens
  2 frost giants (Depths:1)
  7 ironheart preservers
  7 stone giants
  9 very ugly things
  2 entropy weavers (Vaults:4)
  A deep elf demonologist (Vaults:1)
  Snorg (D:12)
  7 ettins
  8 yaktaur captains
  2 great orbs of eyes
  5 fire dragons
  12 naga warriors
  8 boulder beetles
  A spriggan air mage (Depths:1)
  4 ice dragons
  An ice dragon (shapeshifter) (Vaults:4)
  11 ogre magi
  13 vault guards
  3 hydras
  4 rakshasas
  2 death knights
  12 anacondas
  22 two-headed ogres
  11 centaur warriors
  A deep troll shaman (Vaults:4)
  A tengu warrior (D:14)
  A deep troll earth mage (Vaults:4)
  13 naga sharpshooters
  5 shock serpents
  A hell knight (Volcano)
  Sonja (D:11)
  5 deep elf knights
  3 unseen horrors
  9 skeletal warriors
  2 shadow wraiths
  8 sea snakes
  4 deep elf archers
  2 glowing orange brains (Vaults:2)
  An unseen horror (shapeshifter) (Vaults:1)
  A lindwurm (Lair:6)
  4 deep trolls
  3 naga ritualists
  2 wizards
  4 necromancers
  8 deep elf pyromancers
  5 deep elf zephyrmancers
  12 ironbrand convokers
  11 orc knights
  2 phantasmal warriors (Vaults:3)
  A harpy (Vaults:1)
  2 wolf spiders
  A frost giant zombie (Vaults:3)
  4 orc sorcerers
  7 mana vipers
  6 salamanders
  A fire giant zombie (Vaults:3)
  7 cyclopes
  56 ugly things
  An oklob plant (Lair:6)
  2 manticores
  5 elephants (Lair:6)
  2 centaur zombies (D:15)
  A stone giant skeleton (Vaults:3)
  2 molten gargoyles (Volcano)
  8 guardian serpents
  13 naga magi
  A fire giant skeleton (Vaults:4)
  30 black mambas
  15 vault sentinels
  9 cane toads
  A gargoyle (D:12)
  A spriggan zombie (Depths:2)
  Maggie (D:7)
  A rime drake (shapeshifter) (Vaults:2)
  7 freezing wraiths
  A yaktaur (shapeshifter) (Depths:1)
  3 rime drakes
  42 yaktaurs
  6 komodo dragons
  A queen bee (shapeshifter) (Vaults:3)
  5 trolls
  A polar bear (Lair:6)
  A yaktaur skeleton (Vaults:3)
  2 meliai (D:13)
  A meliai (shapeshifter) (Vaults:4)
  A tengu simulacrum (Vaults:3)
  A jumping spider (shapeshifter) (Vaults:3)
  A meliai zombie (D:15)
  7 hornets
  22 slime creatures
  A sphinx simulacrum (Vaults:2)
  4 blink frogs
  4 dream sheep (Lair:6)
  A raiju (shapeshifter) (Depths:1)
  4 flying skulls (Depths:2)
  A redback (Vaults:4)
  12 spriggans (Lair:3)
  4 wyverns
  27 yaks
  A spriggan (shapeshifter) (D:12)
  2 vampires
  A fire bat (shapeshifter) (Vaults:4)
  4 basilisks
  A fire bat (Volcano)
  A vampire mosquito (D:8)
  A human simulacrum (Vaults:3)
  Menkaure (D:7)
  45 nagas
  18 water moccasins
  The ghost of DarkMailMan the Insei, an amateur OpTm (D:3)
  A soldier ant (D:14)
  4 wargs
  4 acid dragons
  A soldier ant (shapeshifter) (Vaults:1)
  A deep troll zombie (Vaults:3)
  Duvessa (D:5)
  A meliai simulacrum (D:15)
  3 necrophages
  32 orc warriors
  4 sky beasts
  2 black bears
  A hornet zombie (D:8)
  3 eyes of draining (Depths:2)
  7 ice beasts
  3 boggarts (Lair:3)
  4 human zombies
  19 wolves
  37 ogres
  2 phantoms
  18 centaurs
  2 human skeletons
  An elf simulacrum (Vaults:4)
  4 kobold brigands (D:9)
  17 bullfrogs
  An ogre simulacrum (Vaults:1)
  A wyvern zombie (D:10)
  2 gnoll sergeants
  3 scorpions
  A wyvern skeleton (D:13)
  Dowan (D:5)
  12 killer bees
  17 wights
  4 howler monkeys
  A bullfrog zombie (D:5)
  3 jellies
  3 lava snakes
  6 hounds
  3 centaur skeletons
  17 orc priests
  3 bullfrog skeletons
  Terence (D:2)
  An iguana (D:11)
  10 worker ants
  16 orc wizards
  A centaur simulacrum (D:3)
  2 hound zombies
  A worker ant zombie (D:7)
  A howler monkey zombie (D:7)
  11 gnolls
  13 adders
  A hound simulacrum (D:3)
  3 shadow imps
  3 white imps
  An ufetubus (D:4)
  2 adder skeletons
  2 worms (D:2)
  7 dart slugs
  7 leopard geckos
  75 orcs
  12 bats
  4 giant cockroaches
  9 goblins
  9 hobgoblins
  8 jackals
  16 kobolds
  5 quokkas
  2 ball pythons (D:2)
  8 frilled lizards
  A jackal skeleton (D:5)
  2 quokka simulacra (D:3)
  A quokka skeleton (D:10)
  A quokka zombie (D:5)
  10 rats
1193 creatures vanquished.

Vanquished Creatures (collateral kills)
  Vashnia (Snake:4)
  Frederick (Vaults:3)
  A tentacled monstrosity (Vaults:3)
  A sphinx (Vaults:3)
  A nagaraja (Snake:4)
  A tengu reaver (Vaults:3)
  2 fire giants
  A frost giant (Vaults:3)
  An orc warlord (Vaults:3)
  2 vault wardens
  3 very ugly things
  A vampire knight (Depths:2)
  A yaktaur captain (Vaults:4)
  A vault guard (Vaults:4)
  A naga warrior (Snake:3)
  2 ogre magi
  A hydra (Lair:6)
  A merfolk avatar (Lair:6)
  3 two-headed ogres
  An anaconda (Snake:4)
  A naga sharpshooter (Snake:4)
  3 orc high priests (Orc:2)
  A flayed ghost (Depths:2)
  A sea snake (Snake:4)
  The ghost of foci the Cleaver, a novice GrFi of Makhleb (D:8)
  2 naga ritualists
  2 ironbrand convokers
  4 orc knights
  A wizard (Vaults:3)
  A deep elf pyromancer (Vaults:2)
  3 mana vipers
  A harpy (Lair:6)
  4 orc sorcerers
  A manticore (Lair:6)
  3 salamanders
  3 elephants (Lair:6)
  A centaur zombie (D:11)
  A guardian serpent (Snake:3)
  An ice statue (D:8)
  2 black mambas (Snake:4)
  4 naga magi
  A vault sentinel (Vaults:3)
  2 rime drakes (Lair:6)
  2 cane toads (Lair:6)
  4 komodo dragons (Lair:6)
  A meliai (D:13)
  2 polar bears (Lair:6)
  A wind drake (Lair:6)
  3 blink frogs (Lair:3)
  A spriggan (shapeshifter) (D:15)
  An elf zombie (Depths:2)
  A spriggan skeleton (Depths:2)
  3 wyverns (Lair:6)
  6 yaks
  8 nagas
  A tengu skeleton (Depths:2)
  An orc warrior (Orc:2)
  A necrophage (D:8)
  2 centaurs (D:11)
  An ogre (Depths:1)
  2 wolves (Lair:1)
  A phantom (D:8)
  2 killer bees (D:11)
  A howler monkey (D:11)
  A bullfrog skeleton (D:11)
  An orc priest (Orc:2)
  An orc wizard (Orc:2)
  A white imp (D:8)
  4 orcs
  A hobgoblin (D:11)
  A quokka (D:11)
  A fungus (Lair:6)
127 creatures vanquished.

Vanquished Creatures (others)
  5 dream sheep (Lair:5)
  A naga (Snake:4)
  An orc (D:11)
  31 fungi
  63 plants
101 creatures vanquished.

Grand Total: 1421 creatures vanquished

Notes
Turn   | Place    | Note
-------+----------+-------------------------------------------
     0 | D:1      | KCGemini the Felid Berserker began the quest for the Orb.
     0 | D:1      | Reached XP level 1. HP: 10/10 MP: 2/2
   167 | D:1      | Reached skill level 1 in Stealth
   167 | D:1      | Reached XP level 2. HP: 12/14 MP: 3/3
   686 | D:1      | Reached ** piety under Trog
   842 | D:1      | Reached XP level 3. HP: 17/17 MP: 4/4
  1645 | D:2      | Reached XP level 4. HP: 21/21 MP: 5/5
  1673 | D:2      | Found a shimmering blue altar of Sif Muna.
  2007 | D:2      | Noticed Terence
  2016 | D:2      | Killed Terence
  2017 | D:2      | Reached XP level 5. HP: 25/25 MP: 6/6
  2109 | D:2      | Reached skill level 5 in Dodging
  2454 | D:3      | Found a runed translucent gate.
  2454 | D:3      | Found a runed translucent gate.
  2454 | D:3      | Found a runed translucent gate.
  2501 | D:3      | Noticed DarkMailMan's ghost (amateur OpTm)
  2542 | D:3      | Killed DarkMailMan's ghost
  2543 | D:3      | Reached skill level 5 in Unarmed Combat
  2543 | D:3      | Gained mutation: You are covered in thick fur. (AC +2)
                  | [Felid growth]
  2543 | D:3      | Reached XP level 6. HP: 27/28 MP: 7/7
  3518 | D:4      | Reached XP level 7. HP: 32/32 MP: 8/8
  3583 | D:4      | Found a blossoming altar of Fedhas.
  3585 | D:4      | Found an ancient bone altar of Kikubaaqudgha.
  3691 | D:4      | Reached *** piety under Trog
  3950 | D:4      | Found a transporter.
  3958 | D:4      | Noticed Dordric's ghost (amateur HOFi)
  4001 | D:4      | Identified the +7 short sword "Cugoc" {distort, Stlth+}
  4002 | D:4      | Found a transporter.
  4045 | D:4      | Found a one-way gate to the infinite horrors of the Abyss.
  4131 | D:5      | Entered Level 5 of the Dungeon
  4159 | D:5      | Reached XP level 8. HP: 36/36 MP: 9/9
  4166 | D:5      | Found an ornate altar of the Wu Jian Council.
  4188 | D:5      | Found an iron altar of Okawaru.
  4225 | D:5      | Found Xosibb's Antique Armour Shop.
  4308 | D:5      | Reached skill level 6 in Dodging
  4308 | D:5      | Reached skill level 5 in Stealth
  4312 | D:5      | Found a staircase to the Ecumenical Temple.
  4380 | D:5      | Found Emnebrusk's Assorted Antiques.
  4389 | D:5      | Bought a bubbling ruby potion for 28 gold pieces
  4389 | D:5      | Bought a viscous grey potion for 28 gold pieces
  4389 | D:5      | Bought a scroll labelled KADYTY IMAYCS for 32 gold pieces
  4389 | D:5      | Bought a scroll labelled FEKIEBBULAMY for 32 gold pieces
  4389 | D:5      | Bought a glowing jasper amulet for 160 gold pieces
  4403 | D:5      | Found Juixt's Weapon Boutique.
  4429 | D:5      | Noticed Duvessa
  4431 | D:5      | Noticed Dowan
  4434 | D:5      | Killed Dowan
  4443 | D:5      | Killed Duvessa
  4461 | D:5      | Reached skill level 5 in Fighting
  5832 | D:6      | Reached skill level 7 in Dodging
  6099 | D:6      | Reached XP level 9. HP: 34/40 MP: 10/10
  6606 | D:7      | Found Wucsac's Armour Boutique.
  6640 | D:7      | Reached **** piety under Trog
  6934 | D:7      | Reached skill level 5 in Evocations
  7501 | D:7      | Noticed Menkaure
  7507 | D:7      | Killed Menkaure
  7697 | D:7      | Noticed Maggie
  7711 | D:7      | Killed Maggie
  8563 | D:8      | Found Pirath's Armour Shoppe.
  8613 | D:8      | Found a transporter.
  8614 | D:8      | Found a transporter.
  8619 | D:8      | Noticed an oklob plant
  8626 | D:8      | Noticed foci's ghost (novice GrFi)
  8631 | D:8      | Noticed an ice statue
  8659 | D:8      | Noticed an unseen horror
  8917 | D:8      | dang yo
  8932 | D:8      | Reached XP level 10. HP: 41/45 MP: 11/11
  9215 | D:8      | Found a hide-covered altar of Uskayaw.
  9399 | D:8      | Found a sparkling altar of Nemelex Xobeh.
  9684 | D:9      | Reached skill level 8 in Dodging
  9982 | D:9      | Noticed an unseen horror
 10011 | D:9      | Found a staircase to the Orcish Mines.
 10178 | D:9      | Found a staircase to the Lair.
 10285 | D:9      | Reached skill level 10 in Unarmed Combat
 11070 | D:9      | Found a shimmering altar of Xom.
 11286 | D:9      | Reached skill level 9 in Dodging
 11397 | D:10     | Entered Level 10 of the Dungeon
 11421 | D:10     | Noticed a two-headed ogre
 11429 | D:10     | Killed a two-headed ogre
 11829 | D:10     | Noticed an unseen horror
 11832 | D:10     | Killed an unseen horror
 11833 | D:10     | Reached XP level 11. HP: 49/49 MP: 12/12
 13089 | D:11     | Found a large runed translucent door.
 13089 | D:11     | Found a large runed translucent door.
 13094 | D:11     | Noticed a death knight
 13095 | D:11     | Noticed a seven-headed hydra
 13129 | D:11     | Noticed a boulder beetle
 13133 | D:11     | Noticed Sonja
 13144 | D:11     | Killed Sonja
 13145 | D:11     | Noticed a cyan ugly thing
 13357 | D:11     | Found a flagged portal.
 13371 | Bailey   | Entered a bailey
 13879 | D:8      | Reached skill level 10 in Dodging
 13880 | D:8      | Reached skill level 10 in Stealth
 13894 | D:8      | Killed foci's ghost
 13903 | D:8      | Killed an unseen horror
 14337 | D:11     | Killed a cyan ugly thing
 14546 | D:11     | Killed a boulder beetle
 14756 | D:11     | Noticed a purple ugly thing
 14763 | D:11     | Killed a purple ugly thing
 14764 | D:11     | Gained mutation: Your thick and shaggy fur keeps you warm.
                  | (AC +3, rC+) [Felid growth]
 14764 | D:11     | Reached XP level 12. HP: 56/56 MP: 13/13
 14933 | D:11     | Found a large runed translucent door.
 14933 | D:11     | Found a large runed translucent door.
 14963 | D:11     | Got a steaming copper amulet
 15212 | D:11     | Identified the amulet of Woured {Reflect rElec rPois Int-4
                  | SH+5 SInv Stlth+} (You found it on level 11 of the Dungeon)
 15223 | D:11     | wow
 15230 | D:11     | that's a lot of words
 15457 | D:12     | Noticed Frances
 15457 | D:12     | Noticed a boulder beetle
 15477 | D:12     | Reached skill level 11 in Dodging
 15663 | D:12     | Killed Frances
 15781 | D:12     | HP: 1/56 [cyclops/large rock (23)]
 16309 | D:12     | Noticed Snorg
 16311 | D:12     | Found a runed translucent gate.
 16312 | D:12     | Found a runed translucent gate.
 16312 | D:12     | Noticed jestyr24's ghost (journeyman MiBe)
 16313 | D:12     | Killed Snorg
 16318 | D:12     | Found a runed translucent gate.
 16514 | D:12     | Killed a boulder beetle
 16847 | D:13     | Noticed a centaur warrior
 16851 | D:13     | Killed a centaur warrior
 16861 | D:13     | Noticed a two-headed ogre
 17144 | D:13     | Noticed an ogre mage
 17146 | D:13     | Reached skill level 12 in Dodging
 17867 | D:13     | Reached XP level 13. HP: 57/60 MP: 14/14
 18227 | D:13     | Found a gate to the Vaults.
 19262 | D:14     | You fall into a shaft and drop 1 floor!
 19262 | D:15     | Entered Level 15 of the Dungeon
 19270 | D:15     | Reached skill level 10 in Fighting
 19439 | D:15     | Noticed a fire dragon
 19443 | D:15     | Noticed a fire dragon
 19451 | D:15     | Killed a fire dragon
 19459 | D:15     | Killed a fire dragon
 19462 | D:15     | Found a staircase to the Depths.
 19861 | D:14     | Found a blossoming altar of Fedhas.
 20289 | D:15     | Reached skill level 13 in Dodging
 20356 | D:15     | Reached ***** piety under Trog
 21003 | D:15     | Reached XP level 14. HP: 66/66 MP: 15/15
 21141 | D:15     | Found a staircase to the Depths.
 21987 | Orc:1    | Entered Level 1 of the Orcish Mines
 22473 | Orc:1    | Found a dark tunnel.
 22478 | Volcano  | Entered a volcano
 23035 | Volcano  | Found a bloodstained altar of Trog.
 23052 | Volcano  | Reached skill level 15 in Unarmed Combat
 23310 | Orc:2    | Entered Level 2 of the Orcish Mines
 23310 | Orc:2    | Found Nilimiel's Armour Boutique.
 23540 | Orc:2    | Reached skill level 14 in Dodging
 23691 | Orc:2    | Found Zeuxo Ashi's Book Shoppe.
 23691 | Orc:2    | Found Dosuluec's Distillery.
 23732 | Orc:2    | Found Hurruedd's Magic Scroll Boutique.
 23732 | Orc:2    | Found Jesougem's General Store.
 23744 | Orc:2    | Upgraded the game from 0.27-a0-343-gfcad680f63 to
                  | 0.27-a0-346-ga689d4a613
 23754 | Orc:2    | Bought a potion of mutation for 128 gold pieces
 23754 | Orc:2    | Bought a potion of heal wounds for 80 gold pieces
 23754 | Orc:2    | Bought a potion of heal wounds for 80 gold pieces
 23754 | Orc:2    | Bought a potion of heal wounds for 80 gold pieces
 23754 | Orc:2    | Bought a potion of heal wounds for 80 gold pieces
 23754 | Orc:2    | Bought a potion of heal wounds for 80 gold pieces
 23764 | Orc:2    | Bought a scroll of summoning for 114 gold pieces
 23764 | Orc:2    | Bought a scroll of vulnerability for 90 gold pieces
 23764 | Orc:2    | Bought 2 scrolls of fear for 84 gold pieces
 23772 | Orc:2    | Bought a scroll of acquirement for 676 gold pieces
 23777 | Orc:2    | Acquired the ring of Enymaeba {rN+++ Int-2 Dex+6 Slay+2}
 23779 | Orc:2    | oh yes
 23780 | Orc:2    | Bought a scroll of identify for 26 gold pieces
 23780 | Orc:2    | Bought a potion of heal wounds for 65 gold pieces
 23780 | Orc:2    | Bought a scroll of identify for 26 gold pieces
 23946 | Orc:2    | Found a staircase to the Elven Halls.
 24185 | Lair:1   | Entered Level 1 of the Lair of Beasts
 24185 | Lair:1   | Found a transporter.
 24185 | Lair:1   | Found a transporter.
 24353 | Lair:1   | Noticed Huef's ghost (journeyman KoEn)
 25783 | Lair:2   | Found a staircase to the Snake Pit.
 26851 | Lair:3   | Reached skill level 15 in Stealth
 28220 | Lair:4   | Found a staircase to the Shoals.
 28235 | Lair:4   | Reached XP level 15. HP: 61/72 MP: 16/16
 28319 | Lair:4   | Found a hide-covered altar of Uskayaw.
 29353 | Lair:5   | Found a shimmering altar of Xom.
 29619 | Lair:6   | Entered Level 6 of the Lair of Beasts
 30095 | Lair:6   | Reached skill level 15 in Dodging
 30196 | Lair:6   | Reached ****** piety under Trog
 30444 | Lair:6   | Found a runed translucent gate.
 30444 | Lair:6   | Found a runed translucent gate.
 30444 | Lair:6   | Found a runed translucent gate.
 30447 | Lair:6   | Found a viscous altar of Jiyva.
 30447 | Lair:6   | Noticed garrulousMonolith's ghost (journeyman GnFi)
 30640 | Lair:6   | Got a vibrating ivory ring
 30677 | Lair:6   | Found a staircase to the Slime Pits.
 31031 | Lair:6   | Acquired a manual of Evocations
 31204 | Snake:1  | Entered Level 1 of the Snake Pit
 32628 | Snake:1  | the aquirement scrolls geez
 32628 | Snake:1  | Acquired the ring of the Median {rPois rC++ Str+3}
 32633 | Snake:1  | Identified the ring of Lesyl {rF+ rC+ rN+} (You found it on
                  | level 6 of the Lair of Beasts)
 32634 | Snake:1  | it's happening again
 32901 | Snake:2  | Found Aemnyjo's Alliterative Accessories.
 33762 | Snake:2  | Found Kom Qotu's Antique Armour Boutique.
 34383 | Snake:3  | Noticed Mara
 34459 | Snake:3  | Reached XP level 16. HP: 40/78 MP: 17/17
 34565 | Snake:3  | Found a runed translucent door.
 34568 | Snake:3  | Noticed Caonejir's ghost (adept TrHu)
 34984 | Snake:3  | Found Vafourphy's Distillery.
 34994 | Snake:3  | Bought a potion of mutation for 144 gold pieces
 34994 | Snake:3  | Bought a potion of mutation for 144 gold pieces
 34994 | Snake:3  | Bought a potion of cancellation for 144 gold pieces
 35112 | Snake:3  | Reached skill level 16 in Dodging
 35918 | Snake:4  | Entered Level 4 of the Snake Pit
 36440 | Snake:4  | Found a burning altar of Makhleb.
 37099 | Snake:4  | Noticed Vashnia
 37322 | Snake:4  | Killed Vashnia
 37428 | Snake:4  | Noticed Bai Suzhen
 37435 | Snake:4  | Killed Bai Suzhen
 37612 | Snake:4  | Found Cez Famu's Book Shoppe.
 37612 | Snake:4  | Found Vaijifyo's Jewellery Shop.
 37613 | Snake:4  | Found Xaalun's Jewellery Shop.
 38331 | Snake:4  | Found a burning altar of Makhleb.
 38424 | Snake:4  | Found Cez Famu's Book Shoppe.
 38424 | Snake:4  | Found Vaijifyo's Jewellery Shop.
 38425 | Snake:4  | Found Xaalun's Jewellery Shop.
 40058 | Snake:4  | Reached XP level 17. HP: 84/84 MP: 18/18
 40474 | Snake:4  | Reached skill level 17 in Dodging
 40543 | Snake:4  | Reached skill level 15 in Fighting
 41129 | Snake:4  | Got a serpentine rune of Zot
 41616 | Vaults:1 | Entered Level 1 of the Vaults
 42110 | Vaults:1 | Reached skill level 10 in Evocations
 42246 | Vaults:1 | Found Odyagaudd's Armour Shop.
 43618 | Vaults:1 | Found Vofiffubri's Assorted Antiques.
 43640 | Vaults:1 | Reached skill level 18 in Dodging
 44605 | Vaults:2 | Reached skill level 15 in Evocations
 44909 | Vaults:2 | Reached XP level 18. HP: 72/89 MP: 19/19
 46500 | Vaults:3 | Reached skill level 19 in Dodging
 47557 | Vaults:3 | Gained mutation: You are agile. (Dex +2) [potion of
                  | mutation]
 47557 | Vaults:3 | Gained mutation: You are strong-willed. (Will+) [potion of
                  | mutation]
 47863 | Vaults:3 | Noticed Frederick
 47895 | Vaults:3 | Killed Frederick
 47916 | Vaults:3 | Found an ancient bone altar of Kikubaaqudgha.
 47917 | Vaults:3 | Found a staircase to the Crypt.
 47918 | Vaults:3 | Found a basalt altar of Yredelemnul.
 48386 | Vaults:3 | Identified the +1 scimitar of Wyrd {freeze, rElec MP+9
                  | Stlth+}
 48461 | Vaults:3 | Noticed a tentacled monstrosity
 48480 | Vaults:3 | Killed a tentacled monstrosity
 48872 | Vaults:3 | Reached skill level 20 in Dodging
 49084 | Vaults:4 | Reached XP level 19. HP: 93/93 MP: 20/20
 49156 | Vaults:4 | Found Natarchaclu's Jewellery Shoppe.
 49272 | Vaults:4 | Bought a ring of resist corrosion for 220 gold pieces
 51823 | Vaults:1 | Bought a scroll of blinking for 225 gold pieces
 52005 | Depths:1 | Entered Level 1 of the Depths
 52007 | Depths:1 | Found a gateway to Hell.
 52033 | Depths:1 | Reached skill level 21 in Dodging
 53346 | Depths:1 | Reached XP level 20. HP: 95/98 MP: 21/21
 53842 | Depths:2 | Found a gateway to a ziggurat.
 54306 | Depths:2 | Found Wyce's Antique Armour Shoppe.
 54446 | Depths:2 | Mangled by a caustic shrike zombie
 54447 | Depths:2 | Reached XP level 19. HP: -7/94 MP: 20/20
 54447 | Depths:2 | Quit the game

Illustrated notes ..##....#.... .....g................. ...O.g...(............ ..................... ...............##### ####..............# ##.................# ...................## #..@............# ####............# #.............# # #.............#### #................. ##.###.#########.. ### ### ### Turn 8917 on D:8: dang yo #..#.#.##.####..#[#...#####..... #..#.##.#.##..###.#...# #..... #..#.#.##.##:##.#.#.'## ###### #..##...######.#.##..# #^..###'# #'###..## #.......######....?## ##.....##8}=8##..### ####..#8....8#..#### #..+....lD+@....# #..+.....p+.###.# #..#8....8#.# #.# #..##8!}8##.# #.# #...######..###.# ###.............# ############### Turn 15223 on D:11: wow #..#.#.##.####..#[#...#####..... #..#.##.#.##..###.#...# #..... #..#.#.##.##:##.#.#.'## ###### #..##...######.#.##..# #^..###'# #'###..## #.......######....?## ##.....##8}=8##..### ####..#8....8#..#### #..+....lD+@....# #..+.....p+.###.# #..#8....8#.# #.# #..##8!}8##.# #.# #...######..###.# ###.............# ############### Turn 15230 on D:11: that's a lot of words ########### ###∩.......∩### ##∩..@##.##...∩# .# #...##.....##...# ##. #..##.........##..# #.. #........[........# #.. #..#...........#..# #.. #..##....[....## # #.. ... ##..[)...## #.. #.#......#.#...... ##.. #.....#.#.....# .##.. Turn 23779 on Orc:2: oh yes

####......##.#...#.#..#..
#.####.....#.#.8.#.#.....
#.#.#......#.#...#.#...#.
#....#..#..#.#...#.#..##.
#..#..#....##.....##.....
####..........###'#####....
#..##...#######.....#######
#......##.8.##.#####.##.8.#
#...##.#..@..#.......#.....
##.#...#8.>..'...8...'..>.8
##..###.#.....#.......#.....
#.####..##.8?##.#####.##.8.#
##.#.....#######.....#######
###.##....#...###'###......
#.#.#...###.##.....##.....
#.#....####.#.#...#.#)^...
###.....##..#.#...#.#.....


Turn 32628 on Snake:1: the aquirement scrolls geez ####......##.#...#.#..#..
#.####.....#.#.8.#.#..... #.#.#......#.#...#.#...#. #....#..#..#.#...#.#..##.
#..#..#....##.....##..... ####..........###'#####....
#..##...#######.....####### #......##.8.##.#####.##.8.#
#...##.#..@..#.......#..... ##.#...#8.>..'...8...'..>.8
##..###.#.....#.......#..... #.####..##.8?##.#####.##.8.#
##.#.....#######.....####### ###.##....#...###'###......
#.#.#...###.##.....##..... #.#....####.#.#...#.#)^... ###.....##..#.#...#.#.....
Turn 32634 on Snake:1: it's happening again

Levels and vault maps discovered:
D:1:      amcnicky_arrival_double_pillar, layout_basic
D:2:      minmay_chambers_of_ones, layout_basic, lemuel_doored_altar,
          feat_on_display, uniq_terence
D:3:      cheibrodos_pilgrimage, layout_basic, gammafunk_ghost_icy
D:4:      layout_rooms, grunt_temple_overflow_growth_and_decay,
          gammafunk_ghost_abyssal_escape
D:5:      layout_cave_pools, minmay_temple_entry_statues_pillars, basic_altar,
          serial_shops, shop, nicolae_shop_window_shopping, shop,
          okawaru_gym_becter, uniq_duvessa
D:6:      layout_basic, minmay_misc_feat_ornament
D:7:      layout_loops_ring, serial_shops,
          nicolae_shop_temple_entry_statues_fountains, wad_rectangle_vault,
          uniq_menkaure, uniq_maggie
D:8:      layout_cave_pods, overflow_temple_1_default, kennysheep_mini,
          nzn_ghost_randoct, minmay_shop_grid_forest
D:9:      layout_roguey, general_overflow_altar, david_lair_generic,
          kennysheep_orc_monster_closet_entryway, unseen_surprise_small
D:10:     layout_roguey
D:11:     layout_basic, enter_bailey_4, minmay_hollow_rounded_squares,
          uniq_sonja
D:12:     layout_loops_cross, gammafunk_ghost_nasty_kobolds, uniq_frances,
          uniq_snorg
D:13:     layout_roguey, hangedman_vaults_entry_quadrant_bands,
          serial_co_window_serial, co_window_corner_a, co_window_corner_a,
          co_window_paths_a, co_window_paths_b, co_window_paths_a,
          co_window_paths_a, co_window_paths_a, co_window_corner_b,
          co_window_of_opportunity_c, co_window_of_opportunity_c,
          co_window_broadway_b, co_window_corner_ca, glass_columns_a
D:14:     layout_irregular_city, fedhas_altar_fruit_tree
D:15:     grunt_enter_depths_hoard, layout_long_grid, minmay_misc_feat_tiny
Lair:1:   layout_gridlike, nzn_ghost_randoct, grunt_megastairs_5
Lair:2:   layout_small_grid, guppyfry_snake_entry_garden, grunt_megastairs_3
Lair:3:   kb_forest_paths, layout_long_grid
Lair:4:   layout_concentric_octagons, minmay_shoals_entry_centaurs, basic_altar
Lair:5:   layout_small_grid, st_stairs_3, kb_xom_exploding_sheep,
          minmay_lair_oklob_chamber
Lair:6:   gammafunk_lair_ancient_temple, layout_cellular_growth, slime_dummy,
          gammafunk_ghost_ooze
Snake:1:  layout_cave_shapes, grunt_ministairs_14, grunt_megastairs_1
Snake:2:  layout_chambers, serial_shops, nicolae_shop_trees,
          nicolae_alphabet_shops, grunt_megastairs_4
Snake:3:  layout_chambers, gammafunk_ghost_grave, serial_shops, shop, uniq_mara
Snake:4:  grunt_snake_rune_pools, layout_cave_town, basic_altar,
          minmay_shop_grove, uniq_bai_suzhen, uniq_vashnia
Orc:1:    layout_diamond_mine, enter_volcano_4
Orc:2:    st_orc_elflike, layout_caves, serial_shops, shop
Vaults:1: nicolae_vaults_what_the_h, ontoclasm_vaults_loading_screen,
          vaults_room_grid, v_misc_18, vaults_mumra_minichess,
          nicolae_vaults_windows_and_doors_thing, dpeg_vaults_monster_box,
          vaults_room_grunt_arrival_ludios, layout_vaults_quadrants,
          serial_shops, nicolae_shop_behind_doors, nicolae_shop_crystal
Vaults:2: nicolae_vaults_yaktaur_gun_rack, v_pattern_3,
          nicolae_vaults_ninety_degrees, v_misc_18,
          ontoclasm_vaults_ring_square, hangedman_vaults_corner,
          v_alt_pattern_2, nicolae_vaults_statue_guard, vaults_room_hallway,
          grunt_vaults_hallway_long, nicolae_vaults_little_squares_3,
          vaults_room_pool, layout_vaults_ring
Vaults:3: st_greater_box_1, hangedman_vaults_river_flow, grunt_vaults_trifunnel,
          grunt_vaults_hallway_long, v_misc_12, minmay_crypt_entry_necro_gods,
          v_misc_32, hangedman_vaults_trim, vaults_room_stairs_pillars,
          layout_vaults_big_cross, uniq_frederick
Vaults:4: v_misc_19, nicolae_vaults_network_quinsquares
          [nicolae_vaults_network_quincunx_subvault,
          nicolae_vaults_network_quincunx_subvault,
          nicolae_vaults_network_quincunx_subvault,
          nicolae_vaults_network_quincunx_subvault],
          nicolae_vaults_network_barrier, v_rooms_6, ontoclasm_vaults_pinch,
          vaults_room_door_ring, nicolae_vaults_triangles, ontoclasm_vaults_eye,
          v_alt_pattern_3, nicolae_vaults_network_square,
          ontoclasm_vaults_shuriken, serial_ice_g, vaults_room_semicircle,
          vaults_room_hallway, serial_ice_h, vaults_room_guarded_vault,
          layout_vaults_maze_snakey, serial_shops, shop
Depths:1: layout_cave_shapes, nicolae_wwwww, hell_entry,
          minmay_misc_feat_diagonals, hangedman_decor_push,
          minmay_mirror_moons_of_madness
Depths:2: hangedman_screamer, layout_honeycomb, enter_ziggurat_c, serial_shops,
          nicolae_shop_trees, cheibriados_altar_1, grunt_mini_vestibule
Depths:3: minmay_expanding_squares, layout_small_grid, rand_demon_pan_entry_9,
          hangedman_abyss_or_decor_passed, hellmouth_3

Skill      XL: |  1  2  3  4  5  6  7  8  9 10 11 12 13 14 15 16 17 18 19 20 |
---------------+-------------------------------------------------------------+-----
Stealth        | 1 2 3 4 6 7 8 10 12 14 15 16 17 18 | 18.9
Unarmed Combat | 4 5 6 7 9 10 12 13 14 16 17 18 | 18.0
Dodging        | 5 7 9 10 12 13 14 15 16 18 20 21 | 21.5
Fighting       | 4 5 6 8 9 10 11 13 14 15 16 | 16.1
Evocations     | 2 4 7 9 15 18 20 | 20.0

Action                   |  1- 3 |  4- 6 |  7- 9 | 10-12 | 13-15 | 16-18 | 19-21 || total
-------------------------+-------+-------+-------+-------+-------+-------+-------++-------
Melee: Unarmed           |    87 |   142 |   333 |   583 |   837 |  1091 |   516 ||  3589
       Bite              |     8 |    12 |    34 |    77 |   135 |   170 |    96 ||   532
       Punch             |       |       |     9 |    37 |    72 |   140 |    62 ||   320
Invok: Berserk           |     5 |     6 |    14 |    31 |    24 |    38 |    16 ||   134
       Trog's Hand       |       |     1 |     5 |    15 |    13 |    26 |    16 ||    76
       Brothers in Arms  |       |       |       |     4 |    14 |    19 |     6 ||    43
Evoke: Wand              |       |       |     2 |    16 |    10 |    11 |     6 ||    45
       Condenser vane    |       |       |       |     1 |     3 |     4 |     6 ||    14
       Box of beasts     |       |       |       |       |     4 |     3 |     3 ||    10
       Tin of tremorston |       |       |       |       |     1 |     3 |     2 ||     6
       Phantom mirror    |       |       |       |       |     1 |     1 |     2 ||     4
       Phial of floods   |       |       |       |       |       |       |     1 ||     1
  Use: Scroll            |       |       |    21 |     8 |     8 |     5 |     3 ||    45
       Potion            |       |       |       |     5 |     1 |     2 |       ||     8
 Stab: Sleeping          |     2 |    14 |    11 |    20 |    81 |    69 |    25 ||   222
       Distracted        |       |     1 |       |     1 |     7 |    16 |     7 ||    32
       Paralysed         |       |       |       |     5 |       |     3 |       ||     8
       Invisible         |       |       |       |     2 |       |       |       ||     2
Armor: Skin              |     3 |     6 |     6 |     9 |    16 |    10 |     6 ||    56
Dodge: Dodged            |    63 |    80 |   258 |   519 |   649 |   745 |   382 ||  2696
Block: Other             |       |       |       |    15 |   125 |   129 |    57 ||   326
       Reflection        |       |       |       |     1 |    10 |    13 |     3 ||    27

Table legend: (Time is in decaauts)
 A = Elapsed time spent in this place.
 B = Non-inter-level travel time spent in this place.
 C = Inter-level travel time spent in this place.
 D = Time resting spent in this place.
 E = Time spent auto-exploring this place.
 F = Levels seen in this place.
 G = Mean time per level.
                   A        B        C        D        E       F      G
               +--------+--------+--------+--------+--------+-----+--------+
         Total |  48983 |  47103 |   1880 |  16522 |  20659 |  36 | 1360.6 |
       Dungeon |  20846 |  19695 |   1151 |   7612 |   8320 |  15 | 1389.7 |
          Lair |   5520 |   5294 |    226 |    387 |   4083 |   6 |  920.0 |
     Snake Pit |   9224 |   9066 |    158 |   3659 |   3513 |   4 | 2306.0 |
  Orcish Mines |   1102 |   1059 |     43 |     23 |    668 |   2 |  551.0 |
        Vaults |   9289 |   9013 |    276 |   3386 |   3433 |   4 | 2322.2 |
        Depths |   2231 |   2207 |     24 |   1012 |    608 |   3 |  743.7 |
        Bailey |      5 |      5 |      0 |      0 |      0 |   1 |    5.0 |
       Volcano |    763 |    763 |      0 |    441 |     33 |   1 |  763.0 |
               +--------+--------+--------+--------+--------+-----+--------+

Top non-repeatable levels by time:
 Snake:4: 4760 daAuts
Vaults:3: 2877 daAuts
    D:11: 2534 daAuts
Vaults:4: 2396 daAuts
Vaults:1: 2326 daAuts
    D:10: 1949 daAuts
Depths:1: 1863 daAuts
     D:9: 1793 daAuts
    D:15: 1786 daAuts
    D:13: 1777 daAuts
Vaults:2: 1688 daAuts
 Snake:3: 1657 daAuts
     D:8: 1518 daAuts
 Snake:2: 1437 daAuts
     D:7: 1374 daAuts
